 Dungeon Crawl Stone Soup version 0.31-a0-486-g8d68a81214 (webtiles) character file.

Game seed: 15077761265950490485

10346 CraigForest the Skirmisher (level 11, -5/84 HPs)
             Began as a Formicid Hunter on Aug 7, 2023.
             Was an Initiate of Gozag.
             Slain by a death yak (17 damage)
             ... on level 10 of the Dungeon.
             The game lasted 00:33:14 (8171 turns).

CraigForest the Skirmisher (Formicid Hunter)        Turns: 8171, Time: 00:33:15

Health: -5/84      AC:  8    Str: 16    XL:     11   Next: 91%
Magic:  20/20      EV: 17    Int:  9    God:    Gozag
Gold:   770        SH: 23    Dex: 27    Spells: 9/10 levels left

rFire   . . .        p - +2 hand crossbow (freeze)
rCold   . . .        V - +0 tower shield
rNeg    . . .        X - +2 steam dragon scales
rPois   +            (helmet unavailable)
rElec   .            (cloak currently unavailable)
rCorr   +            (gloves currently unavailable)
SInv    +            (boots currently unavailable)
Will    +....        y - amulet of reflection
Stlth   ++           T - ring "Erofon" {rPois rCorr MP+9 Dex+6 Stlth-}
HPRegen 0.34/turn    Q - +5 ring of evasion
MPRegen 0.17/turn

%: reflection
@: beast-form, gold aura
A: beast (slay +4), permanent stasis, dig shafts and tunnels, antennae 3, four
strong arms
a: Dig, Shaft Self, Begin Untransformation, Renounce Religion, Potion Petition,
Call Merchant, Bribe Branch


You were on level 10 of the Dungeon.
You worshipped Gozag.
Gozag was pleased with you.
You were a hulking beast.
You visited 2 branches of the dungeon, and saw 11 of its levels.

You collected 963 gold pieces.
You spent 63 gold pieces at shops.
You paid 130 gold pieces to Gozag.

Inventory:

Hand Weapons
 a - a +0 shortbow
 f - a +1 spear of venom
 o - the +0 whip of Oloff {heavy, rElec Str+2}
   (You found it on level 2 of the Dungeon)

   Str:       It affects your strength (+2).
   rElec:     It insulates you from electricity.
 p - a +2 hand crossbow of freezing (weapon)
 w - a +2 dagger of venom
 F - a +2 falchion of electrocution
 N - a +4 great sword
 Y - a +4 scimitar of flaming
Missiles
 n - 8 poisoned darts
 M - 6 silver javelins
 O - 5 throwing nets
Armour
 b - the +0 leather armour of an ossuary {rC+ Stlth+}
   (You found it on level 4 of the Dungeon)

   rC:        It protects you from cold.
   Stlth:     It makes you more stealthy.
 c - a +0 pair of gloves
 G - a +2 leather armour of positive energy
 U - a +1 cloak
 V - a +0 tower shield (worn)
 X - +2 steam dragon scales (worn)
Jewellery
 y - an amulet of reflection (around neck)
 A - a ring of ice
 E - a ring of flight
 H - a ring of positive energy
 J - a ring of willpower
 Q - a +5 ring of evasion (right hand)
 T - the ring "Erofon" (left hand) {rPois rCorr MP+9 Dex+6 Stlth-}
   (You found it on level 7 of the Dungeon)

   [ring of resist corrosion]

   Dex:       It affects your dexterity (+6).
   rPois:     It protects you from poison.
   MP:        It affects your magic capacity (+9).
   rCorr:     It protects you from acid and corrosion.
   Stlth:     It makes you less stealthy.
Talismans
 m - a beast talisman (active)
Wands
 D - a wand of paralysis (29)
 W - a wand of iceblast (6)
Scrolls
 d - a scroll of poison
 e - a scroll of fog
 g - a scroll of blinking {unknown}
 h - 3 scrolls of identify
 i - a scroll of amnesia {unknown}
 k - 2 scrolls of fear {unknown}
 x - a scroll of immolation {unknown}
 S - 2 scrolls of revelation
 Z - a scroll of torment {unknown}
Potions
 j - a potion of invisibility
 l - 2 potions of ambrosia
 q - a potion of berserk rage {unknown}
 r - a potion of mutation
 t - 2 potions of enlightenment
 v - 4 potions of curing
 z - a potion of lignification
 B - 2 potions of haste
 C - a potion of degeneration
 K - a potion of brilliance
 P - a potion of heal wounds
 R - a potion of might


   Skills:
 + Level 7.6 Fighting
 + Level 12.5 Ranged Weapons
 + Level 5.0 Armour
 + Level 4.3 Dodging
 + Level 4.3 Stealth
 * Level 6.8 Shields
 * Level 6.8 Shapeshifting


You had 9 spell levels left.
You knew the following spells:

 Your Spells              Type           Power      Damage    Failure   Level
a - Sting                 Tmut/Pois      0%         1d3       97%         1

Your spell library contained the following spells:

 Spells                   Type           Power      Damage    Failure   Level
 Ensorcelled Hibernation  Hex/Ice        0%         N/A       99%         2
 Passwall                 Tmut/Erth      0%         N/A       99%         2
 Poisonous Vapours        Pois/Air       0%         N/A       99%         2
 Manifold Assault         Tloc           0%         N/A       100%        4
 Olgreb's Toxic Radiance  Pois           0%         N/A       100%        4
 Summon Forest            Summ/Tloc      0%         N/A       100%        5
 Eringya's Noxious Bog    Tmut/Pois      0%         4d6       100%        6
 Summon Hydra             Summ           0%         N/A       100%        7
 Blink                    Tloc           Unusable   N/A       N/A         2
 Swiftness                Air            Unusable   N/A       N/A         3

Dungeon Overview and Level Annotations

Branches:
Dungeon (10/15)            Temple (1/1) D:7
   Lair: D:8-11         Orc: D:9-12

Altars:
Ashenzari
Cheibriados
Dithmenos
Elyvilon
Fedhas
Gozag
Hepliaklqana
Kikubaaqudgha
Makhleb
Nemelex Xobeh
Okawaru
Qazlal
Ru
Sif Muna
Trog
Uskayaw
Vehumet
Wu Jian
Xom
Yredelemnul
Zin
The Shining One

Shops:
D:1 [   D:2 [   D:5 [   D:7 *   D:8 :

Annotations:
D:10 1 transporter


Innate Abilities, Weirdness & Mutations

You are a hulking beast.
Your limbs bulge with bestial killing power. (Slay +4)
You cannot be hasted, slowed, berserked, paralysed or teleported.
You can dig through walls and to a lower floor.
You have a pair of large antennae on your head. (SInv)
Your four strong arms can wield two-handed weapons with a shield.


Message History

The death yak attacks as you move away! You block the death yak's attack.
The death yak attacks as you move away! You block the death yak's attack.
The death yak snorts and paws the ground.
You are too injured to fight recklessly!
You are too injured to fight recklessly!
You are too injured to fight recklessly!
You are too injured to fight recklessly!
You are too injured to fight recklessly!
You shoot a bolt. The bolt hits the death yak!!
The bolt freezes the death yak.
You kill the death yak!
The death yak gores you!
You shoot a bolt.
The bolt hits the death yak but does no damage.
The death yak gores you.
You shoot a bolt. The bolt barely misses the death yak.
The bolt hits the death yak!!
The bolt freezes the death yak.
The death yak is heavily wounded.
You hear a bellow!
The death yak snorts and paws the ground.
You block the death yak's attack. x2
You shoot a bolt. The bolt hits the death yak.
The bolt freezes the death yak.
The death yak is lightly wounded.
The death yak is distracted by your dazzling golden aura.
The yak snorts and paws the ground.
You shoot a bolt. The death yak bellows!
The bolt hits the death yak.
The bolt freezes the death yak.
The death yak is no longer distracted by gold.
The death yak is lightly wounded.
You block the death yak's attack.
You shoot a bolt. The bolt barely misses the death yak.
The bolt hits the death yak!
The bolt freezes the death yak.
The death yak is heavily wounded.
The death yak barely misses you. The death yak gores you!!
* * * LOW HITPOINT WARNING * * *
You shoot a bolt. The bolt hits the death yak.
The bolt freezes the death yak.
The death yak is lightly wounded.
The death yak gores you!
You die...
Your body crumbles into a pile of gold.

,, #...#
#..###...#### #.
.Y.Y..Y{....# .#
...{##..{Y..# .# .
#.###..### .. $
...###.###Y...# .#
............#{# .#
###.##.###..#Y###.#
#.# #..YYYYh.#
#.####.#Y#####
#........#
#..###.### {
##.###.#
##.##<.#########
#.........<....# {
##.##...######.# {
#..##...### #.#


You could see 4 death yaks and 2 yaks.

Vanquished Creatures
  Gastronok (D:8)
  Harold (D:9)
  A two-headed ogre (D:8)
  Erica (D:8)
  A death yak (D:10)
  Pikel (D:3)
  A cyclops (D:9)
  Maggie (D:7)
  Prince Ribbit (D:8)
  Grinder (D:5)
  8 yaks (D:9)
  Grum (D:8)
  Eustachio (D:4)
  A steam dragon (D:7)
  Menkaure (D:4)
  Duvessa (D:7)
  An acid dragon (D:9)
  A water moccasin (D:7)
  A sky beast (D:6)
  3 black bears
  3 ice beasts
  2 orc warriors
  2 centaurs
  2 wolves (D:8)
  3 phantoms
  2 scorpions (D:6)
  A bullfrog (D:8)
  11 wights
  Dowan (D:7)
  9 killer bees (D:7)
  3 howler monkeys (D:9)
  2 sleepcaps
  7 orc priests
  3 hounds
  5 iguanas
  4 orc wizards (D:6)
  8 gnolls
  3 adders
  2 shadow imps (D:7)
  4 white imps (D:6)
  2 ufetubi
  3 dart slugs
  29 orcs
  9 ball pythons
  4 bats
  8 endoplasms
  8 giant cockroaches
  4 goblins
  8 hobgoblins
  3 frilled lizards
  3 kobolds
  3 rats
190 creatures vanquished.

Notes
Turn   | Place    | Note
-------+----------+-------------------------------------------
     0 | D:1      | CraigForest the Formicid Hunter began the quest for the
                  | Orb.
     0 | D:1      | Reached XP level 1. HP: 16/16 MP: 1/1
    78 | D:1      | Reached XP level 2. HP: 18/22 MP: 2/2
   109 | D:1      | Learned a level 1 spell: Sting
   111 | D:1      | Found Cuvi Fie's Antique Armour Shop.
   271 | D:1      | Reached XP level 3. HP: 21/27 MP: 3/3
   669 | D:2      | Identified the +0 whip of Oloff {heavy, rElec Str+2}
   676 | D:2      | Reached skill level 5 in Ranged Weapons
   688 | D:2      | Reached XP level 4. HP: 34/34 MP: 4/4
   697 | D:2      | Found Nucir's Armour Shoppe.
  1675 | D:3      | Reached XP level 5. HP: 39/39 MP: 5/5
  2188 | D:4      | Reached skill level 1 in Shapeshifting
  2301 | D:4      | Noticed Menkaure
  2306 | D:4      | Reached skill level 6 in Ranged Weapons
  2321 | D:4      | Killed Menkaure
  2322 | D:4      | Reached skill level 1 in Armour
  2322 | D:4      | Reached XP level 6. HP: 18/47 MP: 6/6
  2431 | D:4      | Found a shadowy altar of Dithmenos.
  2446 | D:4      | Noticed Pikel
  2471 | D:3      | Killed Pikel
  2472 | D:3      | Reached skill level 7 in Ranged Weapons
  2472 | D:3      | Reached XP level 7. HP: 30/52 MP: 7/7
  2472 | D:3      | Reached XP level 8. HP: 34/59 MP: 8/8
  2610 | D:4      | Identified the +0 leather armour of an ossuary {rC+ Stlth+}
  2744 | D:4      | Noticed Eustachio
  2758 | D:4      | Killed Eustachio
  2894 | D:5      | Entered Level 5 of the Dungeon
  3078 | D:4      | Reached skill level 8 in Ranged Weapons
  3078 | D:4      | Reached skill level 1 in Shields
  3304 | D:5      | Noticed Grinder
  3313 | D:5      | Killed Grinder
  3314 | D:5      | Reached XP level 9. HP: 59/66 MP: 9/9
  3552 | D:5      | Found Vycoem's Armour Shop.
  3763 | D:6      | Reached skill level 9 in Ranged Weapons
  3799 | D:6      | Found a hazy altar of Hepliaklqana.
  3822 | D:6      | Found an ancient bone altar of Kikubaaqudgha.
  3870 | D:6      | Reached skill level 5 in Fighting
  4932 | D:6      | Found an iron altar of Okawaru.
  4955 | D:7      | Found a staircase to the Ecumenical Temple.
  4961 | D:7      | Reached skill level 10 in Ranged Weapons
  4961 | D:7      | Reached XP level 10. HP: 50/75 MP: 10/10
  4983 | D:7      | Reached skill level 5 in Shapeshifting
  5010 | Temple   | Entered the Ecumenical Temple
  5015 | Temple   | Became a worshipper of Gozag Ym Sagoz the Greedy
  5227 | D:7      | Noticed Dowan
  5228 | D:7      | Noticed Duvessa
  5232 | D:7      | Killed Duvessa
  5234 | D:7      | Killed Dowan
  5610 | D:7      | Identified the ring "Erofon" {rPois rCorr MP+9 Dex+6
                  | Stlth-}
  5693 | D:7      | Found a basalt altar of Yredelemnul.
  5921 | D:7      | Found Beyp's General Store.
  5925 | D:7      | Bought a +0 tower shield for 63 gold pieces
  5995 | D:7      | Noticed Maggie
  6003 | D:7      | Killed Maggie
  6010 | D:7      | Reached skill level 11 in Ranged Weapons
  6283 | D:8      | Noticed Erica
  6286 | D:8      | Killed Erica
  6298 | D:8      | Noticed Grum
  6304 | D:8      | Killed Grum
  6361 | D:8      | Noticed Gastronok
  6369 | D:8      | Killed Gastronok
  6370 | D:8      | Reached XP level 11. HP: 49/83 MP: 11/11
  6527 | D:8      | Reached skill level 5 in Shields
  6584 | D:8      | Found a hide-covered altar of Uskayaw.
  6587 | D:8      | Noticed Prince Ribbit
  6593 | D:8      | Killed Prince Ribbit
  6594 | D:8      | Reached skill level 5 in Armour
  6685 | D:8      | Found a shimmering altar of Xom.
  6786 | D:8      | Identified the +8 mace "Demon's Bane" {flame, Drain Will+
                  | Dex+3 SInv}
  6987 | D:8      | Found Wafof's Vocational Training.
  7010 | D:8      | Noticed a two-headed ogre
  7012 | D:8      | Killed a two-headed ogre
  7013 | D:8      | Reached skill level 12 in Ranged Weapons
  7257 | D:9      | Noticed Harold
  7262 | D:9      | Killed Harold
  7286 | D:9      | Noticed a cyclops
  7289 | D:9      | Killed a cyclops
  8036 | D:9      | Found a burning altar of Makhleb.
  8077 | D:10     | Entered Level 10 of the Dungeon
  8145 | D:10     | Found a transporter.
  8146 | D:10     | Noticed a death yak
  8146 | D:10     | Noticed a death yak
  8151 | D:10     | Noticed a death yak
  8151 | D:10     | Noticed a death yak
  8152 | D:10     | Noticed a death yak
  8165 | D:10     | Killed a death yak
  8171 | D:10     | Slain by a death yak

Illustrated notes

Levels and vault maps discovered:
D:1:      erik_arrival_triangle_small, layout_loops_ring, serial_shops, shop,
          minmay_tetromino_t2
D:2:      layout_basic, serial_shops, shop
D:3:      layout_loops_ring
D:4:      layout_cave_pools, nicolae_dithmenos_through_a_glass_darkly,
          nicolae_letterblocks [nicolae_letter_subblock,
          nicolae_letter_subblock, nicolae_letter_subblock,
          nicolae_letter_subblock, nicolae_letter_subblock,
          nicolae_letter_subblock, nicolae_letter_subblock,
          nicolae_letter_subblock, nicolae_letter_subblock,
          nicolae_letter_subblock, nicolae_letter_subblock,
          nicolae_letter_subblock, nicolae_letter_subblock,
          nicolae_letter_subblock, nicolae_letter_subblock,
          nicolae_letter_subblock, nicolae_letter_subblock,
          nicolae_letter_subblock, nicolae_letter_subblock,
          nicolae_letter_subblock, nicolae_letter_subblock,
          nicolae_letter_subblock, nicolae_letter_subblock,
          nicolae_letter_subblock, nicolae_letter_subblock], uniq_menkaure,
          uniq_eustachio, uniq_pikel
D:5:      layout_cave_pools, serial_shops, shop, minmay_misc_feat_five,
          kennysheep_pointless_box, uniq_grinder
D:6:      minmay_spotlight, layout_loops_corners, mainiacjoe_overflow_chevrons,
          mainiacjoe_overflow_swirl
D:7:      layout_layer_cave, mainiacjoe_overflow_tiny_flanked,
          minmay_temple_entry_statues_pillars, serial_shops,
          nicolae_shop_just_a_little_nook, uniq_duvessa, uniq_maggie
D:8:      layout_loops_corners, mainiacjoe_overflow_big_doors, nicolae_wwwww,
          nicolae_shop_vocational, uniq_erica, uniq_gastronok, uniq_grum,
          uniq_prince_ribbit1
D:9:      layout_loops_cross, lemuel_coloured_pillars_altar,
          lemuel_flame_loot_1, uniq_harold
D:10:     layout_loops_corners, dpeg_lair_monsters, zombieorc1_lemuel,
          nicolae_diode_quadrants
Temple:   zaba_magenta_temple

Skill      XL: |  1  2  3  4  5  6  7  8  9 10 11 |
---------------+----------------------------------+-----
Ranged Weapons | 5 6 7 8 10 11 12 | 12.5
Shapeshifting  | 1 2 3 4 6 |  6.8
Fighting       | 3 4 5 6 7 |  7.6
Armour         | 1 2 3 4 5 |  5.0
Stealth        | 2 3 4 |  4.3
Dodging        | 2 3 4 |  4.3
Shields        | 1 4 6 |  6.8

Action                     |  1- 3 |  4- 6 |  7- 9 | 10-12 || total
---------------------------+-------+-------+-------+-------++-------
   Fire: Shortbow          |    60 |       |       |       ||    60
         Hand crossbow     |     2 |    90 |   148 |   147 ||   387
    Use: Scroll            |       |     7 |       |    10 ||    17
         Potion            |       |     1 |       |       ||     1
 Armour: Leather armour    |     9 |     3 |    19 |       ||    31
         Steam dragon scal |       |       |       |     3 ||     3
  Dodge: Dodged            |    22 |    31 |    60 |    37 ||   150
  Block: Other             |       |     4 |    16 |     1 ||    21
         Reflection        |       |       |     2 |     3 ||     5
         Tower shield      |       |       |       |    82 ||    82
   Form: Beast             |     1 |       |       |       ||     1

Table legend: (Time is in decaauts)
 A = Elapsed time spent in this place.
 B = Non-inter-level travel time spent in this place.
 C = Inter-level travel time spent in this place.
 D = Time resting spent in this place.
 E = Time spent auto-exploring this place.
 F = Levels seen in this place.
 G = Mean time per level.
                   A        B        C        D        E       F      G
               +--------+--------+--------+--------+--------+-----+--------+
         Total |   8402 |   8001 |    401 |    435 |   6049 |  11 |  763.8 |
       Dungeon |   8392 |   7991 |    401 |    435 |   6049 |  10 |  839.2 |
        Temple |      9 |      9 |      0 |      0 |      0 |   1 |    9.0 |
               +--------+--------+--------+--------+--------+-----+--------+

Top non-repeatable levels by time:
     D:4: 1337 daAuts
     D:7: 1331 daAuts
     D:6: 1228 daAuts
     D:8: 983 daAuts
     D:9: 879 daAuts
     D:1: 677 daAuts
     D:2: 669 daAuts
     D:3: 669 daAuts
     D:5: 515 daAuts
    D:10: 102 daAuts
  Temple: 9 daAuts
